 Dungeon Crawl Stone Soup version 0.29-a0-824-gd827844252 (webtiles) character file.

Game seed: 10439822953790319865

127 GenialerGandalf the Trooper (level 5, -8/70 HPs)
             Began as a Hill Orc Fighter on July 10, 2022.
             Mangled by an ogre
             ... wielding a +0 giant club
              (13 damage)
             ... on level 4 of the Dungeon.
             The game lasted 00:07:34 (3183 turns).

GenialerGandalf the Trooper (Hill Orc Fighter)      Turns: 3183, Time: 00:07:35

Health: -8/70      AC: 22    Str: 21    XL:     5   Next: 11%
Magic:  5/5        EV:  2    Int:  8    God:
Gold:   172        SH:  4    Dex: 10    Spells: 4/4 levels left

rFire   . . .      SeeInvis .   a - +0 war axe
rCold   . . .      Faith    .   c - +0 buckler
rNeg    . . .      Spirit   .   (body armour currently unavailable)
rPois   +          Reflect  .   (helmet currently unavailable)
rElec   .          Harm     .   (cloak currently unavailable)
rCorr   .          Rampage  .   (gloves currently unavailable)
Will    .....      NoTele   +   (boots currently unavailable)
Stlth   +.........              (no amulet)
HPRegen 0.21/turn               (no ring)
MPRegen 0.09/turn               (no ring)

@: tree-form
A: stationary, stasis, torment immunity, boosted hp
a: no special abilities


You were on level 4 of the Dungeon.
You were a tree.
You visited 1 branch of the dungeon, and saw 4 of its levels.

You collected 172 gold pieces.

Inventory:

Hand Weapons
 a - a +0 war axe (weapon)
Armour
 c - a +0 buckler (worn)
 m - a +1 plate armour
 p - a +0 helmet (melded)
 q - a +0 chain mail (melded)
Scrolls
 e - a scroll of enchant armour
 f - a scroll of summoning {unknown}
 h - a scroll of enchant weapon
 k - a scroll of magic mapping {unknown}
 o - 2 scrolls of teleportation {unknown}
Potions
 b - 3 potions of brilliance {unknown}
 d - 3 potions of might
 g - a potion of lignification
 i - 3 potions of flight
 j - a potion of haste {unknown}
 l - a potion of ambrosia {unknown}
 n - 3 potions of attraction {unknown}


   Skills:
 * Level 4.4 Fighting
 * Level 4.3 Axes
 * Level 4.2 Armour
 - Level 0.3 Dodging
 * Level 4.0 Shields


You had 4 spell levels left.
You didn't know any spells.
Your spell library was empty.

Dungeon Overview and Level Annotations

Branches:
Dungeon (4/15)
 Temple: D:4-7

Altars:
Hepliaklqana
Kikubaaqudgha
The Shining One


Message History

The ufetubus attacks as you move away!
The ufetubus hits you but does no damage.
The ufetubus hits you.
* * * LOW HITPOINT WARNING * * *
The ufetubus barely misses you. x2
The ufetubus attacks as you move away!
The ufetubus hits you but does no damage. x2
The ufetubus attacks as you move away!
The ufetubus hits you but does no damage.
The ufetubus hits you.
* * * LOW HITPOINT WARNING * * *
You block the ufetubus's attack. The ufetubus hits you.
* * * LOW HITPOINT WARNING * * *
The ufetubus attacks as you move away! The ufetubus hits you.
* * * LOW HITPOINT WARNING * * *
The ufetubus hits you but does no damage.
You block the ufetubus's attack.
The ufetubus hits you but does no damage.
Really quaff the potion of lignification?
Uppercase [Y]es or [N]o only, please.
Really quaff the potion of lignification?
Uppercase [Y]es or [N]o only, please.
Really quaff the potion of lignification?
You turn into a tree.
Your +0 helmet melds into your body.
Your +0 chain mail melds into your body.
Your roots penetrate the ground.
The ufetubus barely misses you. The ufetubus hits you.
* * * LOW HITPOINT WARNING * * *
You closely miss the ufetubus. You hit the ogre.
The ufetubus hits you but does no damage. x3
You block the ufetubus's attack. You block the ogre's attack.
You barely miss the ufetubus. You hit the ogre.
You block the ufetubus's attack. The ufetubus hits you.
* * * LOW HITPOINT WARNING * * *
The ufetubus hits you but does no damage.
You block the ufetubus's attack. The ogre hits you but does no damage.
The ufetubus hits you but does no damage. x2
You closely miss the ufetubus. You hit the ogre but do no damage.
You block the ufetubus's attack. x2; The ogre hits you with a +0 giant club!
You die...

#. #...........#.###
#...#.######......#
####...#.## ##...#.#
#.........######..##.#
#..>.................#
........######..####
##...#.## #..#
####...#O#######..#
#......♣5.........#
#.#######.#######.# #.#
##.## #####.# #...#####
#.. ..# #.#...... #.#
#.# ####...##### # #<#
#.###.........#
#.###.###...........#.#
..#.........###.##...##
#


You could see an ogre and an ufetubus.

Vanquished Creatures
  A gnoll (D:1)
  4 adders (D:2)
  A worm (D:4)
  3 dart slugs
  4 orcs (D:3)
  9 ball pythons
  3 bats
  9 endoplasms
  A giant cockroach (D:1)
  6 goblins
  4 hobgoblins
  5 quokkas
  5 frilled lizards
  5 kobolds (D:3)
  5 rats
65 creatures vanquished.

Notes
Turn   | Place    | Note
-------+----------+-------------------------------------------
     0 | D:1      | GenialerGandalf the Hill Orc Fighter began the quest for
                  | the Orb.
     0 | D:1      | Reached XP level 1. HP: 19/19 MP: 1/1
    95 | D:1      | Found a faded altar of an unknown god.
   134 | D:1      | Reached XP level 2. HP: 27/27 MP: 2/2
   261 | D:1      | You fall into a shaft and drop 1 floor!
   637 | D:1      | Reached XP level 3. HP: 29/33 MP: 3/3
  1086 | D:2      | Reached XP level 4. HP: 35/40 MP: 4/4
  2016 | D:3      | Found a hazy altar of Hepliaklqana.
  2016 | D:3      | Found an ancient bone altar of Kikubaaqudgha.
  2308 | D:3      | Reached XP level 5. HP: 42/47 MP: 5/5
  2400 | D:3      | Found a glowing golden altar of the Shining One.
  3092 | D:4      | Noticed an ogre
  3183 | D:4      | Mangled by an ogre

Illustrated notes

Levels and vault maps discovered:
D:1:      elethiomel_arrival_infinity_welcomes_careful_drivers,
          layout_loops_cross, ebering_ecumenical_altar_box
D:2:      layout_rooms, chequers_jeans, kennysheep_generic_room_16
D:3:      layout_basic, mainiacjoe_overflow_large_starburst, lemuel_tele_altar
D:4:      layout_loops_corners, portal_sewer_entry_b, due_unseen_surprise,
          uniq_menkaure

Skill      XL: |  1  2  3  4 |
---------------+-------------+-----
Axes           | 3 4 |  4.3
Fighting       | 4 |  4.4
Armour         | 4 |  4.2
Shields        | 4 |  4.0
Dodging        | |  0.3

Action                   |  1- 3 |  4- 6 || total
-------------------------+-------+-------++-------
Melee: War axe           |    65 |   110 ||   175
  Use: Scroll            |       |     4 ||     4
       Potion            |       |     1 ||     1
Armor: Scale mail        |    35 |    38 ||    73
       Chain mail        |       |    53 ||    53
       Skin              |       |     7 ||     7
Dodge: Dodged            |    27 |    81 ||   108
Block: Buckler           |    22 |    56 ||    78

Table legend: (Time is in decaauts)
 A = Elapsed time spent in this place.
 B = Non-inter-level travel time spent in this place.
 C = Inter-level travel time spent in this place.
 D = Time resting spent in this place.
 E = Time spent auto-exploring this place.
 F = Levels seen in this place.
 G = Mean time per level.
                   A        B        C        D        E       F      G
               +--------+--------+--------+--------+--------+-----+--------+
         Total |   3245 |   3121 |    124 |      0 |   2242 |   4 |  811.2 |
       Dungeon |   3245 |   3121 |    124 |      0 |   2242 |   4 |  811.2 |
               +--------+--------+--------+--------+--------+-----+--------+

Top non-repeatable levels by time:
     D:3: 1321 daAuts
     D:1: 882 daAuts
     D:2: 699 daAuts
     D:4: 342 daAuts
